 Dungeon Crawl Stone Soup version 0.18-a0-1649-g8d9735b (webtiles) character file.

795 ShittyPlayer the Chopper (level 7, 0/52 HPs)
             Began as a Demonspawn Berserker on Mar 29, 2016.
             Was a Priest of Trog.
             Killed by divine providence
             ... invoked by an orc priest
              (8 damage)
             ... on level 4 of the Dungeon.
             The game lasted 00:08:13 (3040 turns).

ShittyPlayer the Chopper (Demonspawn Berserker)     Turns: 3040, Time: 00:08:13

Health: 0/52       AC: 10    Str: 18    XL:     7   Next: 58%
Magic:  0/7        EV:  7    Int: 10    God:    Trog [***...]
Gold:   166        SH:  0    Dex: 12    Spells: 0 memorised, 6 levels left

rFire  . . .     SeeInvis .     a - +0 hand axe
rCold  . . .     Gourm    .     v - +0 chain mail
rNeg   . . .     Faith    .     (no shield)
rPois  .         Spirit   +     n - +1 hat {Spirit}
rElec  .         Dismiss  .     (no cloak)
rCorr  .         Reflect  .     (no gloves)
SustAt .         Harm     .     t - +0 pair of boots
MR     .....                    (no amulet)
Stlth  ..........               (no ring)
                                (no ring)

@: exhausted, hasted, very quick, not resistant to hostile enchantments,
extremely unstealthy
A: claws 1, hooves 1, demonic guardian 1, nightstalker 1
a: Berserk, Trog's Hand, Burn Spellbooks, Renounce Religion


You were on level 4 of the Dungeon.
You worshipped Trog.
Trog was most pleased with you.
You were not hungry.

You visited 1 branch of the dungeon, and saw 4 of its levels.

You collected 166 gold pieces.

Inventory:

Hand Weapons
 a - a +0 hand axe (weapon)
Missiles
 u - 3 javelins (quivered)
Armour
 b - a +0 animal skin
 l - a +0 ring mail
 n - a +1 hat of spirit shield (worn)
 t - a +0 pair of boots (worn)
 v - a +0 chain mail (worn)
Wands
 s - a wand of random effects (24/48)
Scrolls
 e - a scroll of fear {unknown}
 g - 3 scrolls of identify {unknown}
 h - 2 scrolls of remove curse {unknown}
 i - a scroll of magic mapping {unknown}
 k - a scroll of enchant armour {unknown}
 p - a scroll of random uselessness {unknown}
 r - a scroll of immolation {unknown}
Potions
 d - a potion of berserk rage
 j - a potion of cancellation
 m - a potion of flight {unknown}
 w - a potion of might {unknown}
Comestibles
 c - 2 bread rations
 o - a royal jelly
 q - 2 meat rations


   Skills:
 - Level 3.0 Fighting
 - Level 5.7 Axes
 - Level 1.7 Armour
 - Level 1.7 Dodging
 * Level 5.7 Unarmed Combat


You had 6 spell levels left.
You didn't know any spells.

Dungeon Overview and Level Annotations

Branches:
Dungeon (4/15)
 Temple: D:4-7

Altars:

Shops:
D:4 =


Innate Abilities, Weirdness & Mutations

You have sharp fingernails.
You have large cloven feet.
A weak demonic guardian rushes to your aid.
You are slightly more attuned to the shadows.


Message History

Beogh smites you!
* * * LOW HITPOINT WARNING * * *
The orc priest hits you with a trident.
* * * LOW HITPOINT WARNING * * *
Drink which item? (? for menu, Esc to quit)
It was a potion of berserk rage.
You're too exhausted to go berserk.
The orc priest hits you with a trident.
* * * LOW HITPOINT WARNING * * *
Drink which item? (? for menu, Esc to quit)
It was a potion of cancellation.
Your magical effects are unravelling.
You feel magically purged.
You feel yourself speed up. The orc priest closely misses you.
The orc priest miscasts a cantrip.
Drink which item? (? for menu, Esc to quit)
It was a potion of haste.
You feel yourself speed up.
The orc priest mumbles some strange prayers to Beogh against you.
Beogh smites you!
You die...

..p...#.8.∩.8.#
...pK.#..#.####
......##.#8# ......
#...# .#
########)[.#### ...
##..>..[....##
....####............##
......)..............#
#####@####..........#
#.o...##......<...#
#.....##...........#
#.#.(###...........#
.(.8..# #....).....##
##.#...# #.........##
# #.8.. #...#######
##.. #.


You could see an orc priest.

Vanquished Creatures
  Pikel (D:4)
  An orc warrior (D:4)
  2 slaves (D:4)
  An orc wizard (D:4)
  2 adders (D:2)
  3 gnolls (D:2)
  An ooze (D:2)
  A worm (D:3)
  A dart slug (D:1)
  2 giant geckos
  8 orcs
  8 bats
  6 giant cockroaches
  5 goblins
  5 hobgoblins
  8 jackals
  A quokka (D:2)
  A ball python (D:1)
  A giant gecko zombie (D:1)
  9 giant newts
  A jackal zombie (D:1)
  6 kobolds
  8 rats
82 creatures vanquished.

Vanquished Creatures (collateral kills)
  An ogre (D:4)
1 creature vanquished.

Grand Total: 83 creatures vanquished

Notes
Turn   | Place    | Note
--------------------------------------------------------------
     0 | D:1      | ShittyPlayer the Demonspawn Berserker began the quest for the Orb.
     0 | D:1      | Reached XP level 1. HP: 18/18 MP: 1/1
    96 | D:1      | Gained mutation: You are slightly more attuned to the shadows. [demonic ancestry]
    96 | D:1      | Reached XP level 2. HP: 22/24 MP: 2/2
   531 | D:1      | Reached ** piety under Trog
   531 | D:1      | Reached XP level 3. HP: 21/29 MP: 3/3
  1119 | D:2      | Gained mutation: A weak demonic guardian rushes to your aid. [demonic ancestry]
  1119 | D:2      | Reached XP level 4. HP: 35/35 MP: 2/4
  2017 | D:3      | Reached skill level 5 in Axes
  2754 | D:3      | Reached *** piety under Trog
  2897 | D:4      | Noticed an ogre
  2904 | D:4      | Killed an ogre
  2904 | D:4      | Gained mutation: You have sharp fingernails. [demonic ancestry]
  2904 | D:4      | Reached XP level 5. HP: 34/41 MP: 2/5
  2913 | D:4      | Found Aliyck's Jewellery Boutique.
  2941 | D:4      | Noticed Pikel
  2941 | D:4      | Noticed a slave
  2941 | D:4      | Noticed a slave
  2942 | D:4      | Noticed a slave
  2942 | D:4      | Noticed a slave
  2966 | D:4      | Killed a slave
  2969 | D:4      | Killed a slave
  2972 | D:4      | Killed Pikel
  2972 | D:4      | Reached skill level 5 in Unarmed Combat
  2972 | D:4      | Reached XP level 6. HP: 21/47 MP: 2/6
  2972 | D:4      | Gained mutation: You have large cloven feet. [demonic ancestry]
  2972 | D:4      | Reached XP level 7. HP: 23/52 MP: 2/7
  3040 | D:4      | Killed from afar by an orc priest

Vault maps used:
D:1:      saegor_arrival_fortress
D:2:      first_bread
D:3:      corexii_corridor_pit
D:4:      kennysheep_six_static_rooms, kennysheep_ying_yang, serial_shops,
          nicolae_shop_statue_plus, shop, kennysheep_little_box, shop,
          shop_statue, guppyfry_early_orc_mine, uniq_pikel, uniq_sigmund

Skill      XL: |  1  2  3  4  5 |
---------------+----------------+-----
Axes           | 3 4 5 |  5.7
Unarmed Combat | 5 |  5.7
Fighting       | |  3.0
Armour         | |  1.7
Dodging        | |  1.7

Action                   |  1- 3 |  4- 6 |  7- 9 || total
-------------------------+-------+-------+-------++-------
Melee: Hand axe          |   113 |   146 |    16 ||   275
Invok: Berserk           |     2 |     2 |     1 ||     5
  Use: Potion            |       |       |     3 ||     3
 Stab: Sleeping          |     1 |     2 |       ||     3
  Eat: Chunk             |     2 |     7 |       ||     9
       Bread ration      |       |       |     1 ||     1
